 Dungeon Crawl Stone Soup version 0.23-a0-375-g66a18ee (webtiles) character file.

4477 aurelian the Grappler (level 10, 0/98 HPs)
             Began as a Troll Monk on Oct 26, 2018.
             Slain by a hippogriff (4 damage)
             ... on level 8 of the Dungeon.
             The game lasted 00:16:22 (7508 turns).

aurelian the Grappler (Troll Monk)                  Turns: 7508, Time: 00:16:22

Health: 0/98       AC:  7    Str: 21    XL:     10   Next: 15%
Magic:  9/9        EV:  1    Int:  9    God:
Gold:   183        SH:  0    Dex: 12    Spells: 9/9 levels left

rFire    . . .     SeeInvis .     - Unarmed
rCold    . . .     Gourm    +   g - +0 large shield
rNeg     + + +     Faith    .   a - +0 robe
rPois    ∞         Spirit   .   (helmet restricted)
rElec    .         Reflect  .   l - +1 cloak
rCorr    .         Harm     .   (gloves unavailable)
MR       .....                  (boots unavailable)
Stlth    ++........             (no amulet)
HPRegen  0.66/turn              (no ring)
MPRegen  0.11/turn              (no ring)

@: petrified
A: large, unfitting armour, claws 3, fast metabolism 3, gourmand, regeneration
1, shaggy fur 1, tough skin 2
a: no special abilities


You were on level 8 of the Dungeon.
You were not hungry.

You visited 1 branch of the dungeon, and saw 8 of its levels.

You collected 322 gold pieces.
You spent 139 gold pieces at shops.

Inventory:

Missiles
 e - 255 stones (quivered)
 w - 2 throwing nets
 x - 8 curare-tipped needles
Armour
 a - a +0 robe (worn)
 g - a +0 large shield (worn)
 l - a +1 cloak (worn)
Jewellery
 s - an uncursed ring of magical power {unknown}
 v - an uncursed ring of resist corrosion {unknown}
Wands
 r - a wand of polymorph (7)
Scrolls
 c - 2 scrolls of fog
 h - a scroll of enchant armour
 i - 3 scrolls of identify
 q - 2 scrolls of teleportation
 t - a scroll of enchant weapon
Potions
 d - 2 potions of degeneration
 f - 2 potions of haste
 j - a potion of flight {unknown}
 k - 3 potions of heal wounds
 m - 2 potions of might
 n - 2 potions of curing
 o - 2 potions of magic
 p - 3 potions of lignification
 u - 2 potions of mutation
Comestibles
 b - 15 rations


   Skills:
 + Level 6.0 Fighting
 - Level 5.0 Throwing
 - Level 3.8 Dodging
 - Level 1.0 Stealth
 * Level 5.3 Shields
 * Level 9.9 Unarmed Combat


You had 9 spell levels left.
You didn't know any spells.
Your spell library contained the following spells:

 Spells                   Type           Power        Failure   Level  Hunger
 Blink                    Tloc           N/A          99%         2    ###....
 Shroud of Golubria       Chrm/Tloc      #.........   99%         2    ###....
 Gell's Gravitas          Tloc           #.........   100%        3    ####...
 Lesser Beckoning         Tloc           #.........   100%        3    ####...
 Teleport Other           Tloc           #.......     100%        3    ####...
 Passage of Golubria      Tloc           N/A          100%        4    #####..


Dungeon Overview and Level Annotations

Branches:
Dungeon (8/15)             Temple (0/1) D:7
   Lair: D:8-11

Altars:
Cheibriados
Hepliaklqana
Ru
Xom

Shops:
D:6 [[!

Annotations:
D:4 2 runed doors
D:5 exclusion: 2 doors


Innate Abilities, Weirdness & Mutations

You are too large for most types of armour.
You have claws for hands.
Your metabolism is lightning-fast.
You like to eat raw meat.
Your natural rate of healing is unusually fast.
You are covered in fur. (AC +1)
You have very tough skin. (AC +2)


Message History

* * * LOW HITPOINT WARNING * * *
The hippogriff bites you!
* * * LOW HITPOINT WARNING * * *
The hippogriff pecks you but does no damage.
The hippogriff claws you.
* * * LOW HITPOINT WARNING * * *
The centaur hits you but does no damage.
The basilisk bites you!
* * * LOW HITPOINT WARNING * * *
The hippogriff bites you but does no damage.
The hippogriff pecks you but does no damage.
The hippogriff claws you.
* * * LOW HITPOINT WARNING * * *
The centaur hits you. The basilisk bites you. The hippogriff bites you.
* * * LOW HITPOINT WARNING * * *
The hippogriff pecks you.
* * * LOW HITPOINT WARNING * * *
The hippogriff claws you!
You die...

....p........##.#.#
##.......##..##.#.#
..p.........(...#.#
########.########.#
#...........#
################ ##
#.######### ..##.#
##.....((.H###.#(.# #
##....###.c@l....######( #
####.[##..####...((........
###...#######
##.##......... ...####
####.##.....# ###.# .##
#...#. # ### ## ##... .# #


You could see a hippogriff, a basilisk and a centaur.

Vanquished Creatures
  A two-headed ogre (D:7)
  Pikel (D:8)
  2 wyverns (D:8)
  A basilisk (D:8)
  A swamp drake (D:8)
  3 ice beasts
  2 orc warriors (D:6)
  3 slaves (D:7)
  A sky beast (D:8)
  An ogre (D:5)
  A phantom (D:4)
  An eye of draining (D:7)
  2 centaurs
  4 bullfrogs
  A wyvern skeleton (D:7)
  5 scorpions
  6 killer bees (D:8)
  2 crimson imps
  A bullfrog zombie (D:5)
  3 hounds
  3 orc priests
  Crazy Yiuf (D:2)
  A centaur skeleton (D:4)
  A bullfrog skeleton (D:8)
  3 jellies
  3 iguanas
  7 orc wizards
  9 worker ants
  A howler monkey zombie (D:6)
  4 gnolls (D:7)
  2 howler monkey skeletons
  4 adders
  An adder zombie (D:5)
  An adder skeleton (D:4)
  A worm (D:2)
  2 dart slugs
  2 leopard geckos
  15 orcs
  A ball python (D:1)
  3 bats
  6 giant cockroaches
  3 hobgoblins
  2 jackals (D:1)
  2 quokkas
  3 frilled lizards
  5 goblins
  7 kobolds
  A leopard gecko skeleton (D:4)
  A quokka zombie (D:6)
  7 rats
144 creatures vanquished.

Vanquished Creatures (others)
  A jelly (D:8)
1 creature vanquished.

Grand Total: 145 creatures vanquished

Notes
Turn   | Place    | Note
-------+----------+-------------------------------------------
     0 | D:1      | aurelian the Troll Monk began the quest for the Orb.
     0 | D:1      | Reached XP level 1. HP: 22/22 MP: 0/0
   300 | D:1      | Reached XP level 2. HP: 27/29 MP: 1/1
   768 | D:2      | Reached XP level 3. HP: 36/36 MP: 2/2
   906 | D:2      | Reached skill level 4 in Unarmed Combat
   911 | D:2      | Reached XP level 4. HP: 40/45 MP: 3/3
  1425 | D:2      | Found a runed door.
  1429 | D:2      | Noticed Crazy Yiuf
  1435 | D:2      | Killed Crazy Yiuf
  1545 | D:3      | Found a snail-covered altar of Cheibriados.
  1547 | D:3      | Found a shimmering altar of Xom.
  1637 | D:3      | Found a hazy altar of Hepliaklqana.
  2277 | D:4      | Noticed an orc warrior
  2336 | D:3      | Reached XP level 5. HP: 39/53 MP: 4/4
  2371 | D:3      | Reached skill level 5 in Unarmed Combat
  2379 | D:3      | Reached skill level 1 in Throwing
  2565 | D:4      | Found a large runed door.
  2565 | D:4      | Found a large runed door.
  2590 | D:4      | Reached XP level 6. HP: 59/61 MP: 5/5
  2714 | D:4      | Found a large runed door.
  2714 | D:4      | Found a large runed door.
  2851 | D:4      | Reached skill level 6 in Unarmed Combat
  2874 | D:4      | Reached XP level 7. HP: 68/68 MP: 6/6
  2889 | D:4      | Noticed a two-headed ogre
  3554 | D:5      | Entered Level 5 of the Dungeon
  3900 | D:5      | Reached skill level 7 in Unarmed Combat
  3929 | D:5      | Reached XP level 8. HP: 74/79 MP: 7/7
  4655 | D:6      | Found Taed's Antique Armour Emporium.
  4761 | D:6      | Found Vuteid's Antique Armour Boutique.
  4788 | D:6      | Bought a large shield for 139 gold pieces
  4892 | D:6      | Found Mionisocs's Distillery.
  4911 | D:6      | Reached skill level 1 in Shields
  5427 | D:7      | Found a staircase to the Ecumenical Temple.
  5428 | D:7      | Noticed a two-headed ogre
  5453 | D:7      | Killed a two-headed ogre
  5453 | D:7      | Reached skill level 5 in Fighting
  5453 | D:7      | Reached skill level 8 in Unarmed Combat
  5453 | D:7      | Reached XP level 9. HP: 83/88 MP: 8/8
  5568 | D:7      | Found a sacrificial altar of Ru.
  6161 | D:7      | Reached skill level 9 in Unarmed Combat
  6782 | D:8      | Noticed Pikel
  6911 | D:8      | Killed Pikel
  6911 | D:8      | Reached skill level 5 in Throwing
  7044 | D:8      | Reached XP level 10. HP: 94/98 MP: 9/9
  7049 | D:8      | Reached skill level 5 in Shields
  7508 | D:8      | HP: 4/98 [hippogriff (1)]
  7508 | D:8      | Slain by a hippogriff

Vault maps used:
D:1:      dpeg_arrival_ternary, corexii_hall_statues_x
D:2:      uniq_crazy_yiuf_cottage
D:3:      grunt_temple_overflow_open, first_ration
D:4:      minmay_hollow_rounded_squares, uniq_blork_the_orc
D:5:      cheibrodos_two_vegetables
D:6:      serial_shops, shop, shop, shop
D:7:      nicolae_ru_awakened_eye, minmay_temple_entry_statues_fountains
D:8:      erik_lair_dragon, uniq_pikel

Skill      XL: |  1  2  3  4  5  6  7  8  9 10 |
---------------+-------------------------------+-----
Unarmed Combat | 4 5 6 7 8 9 |  9.9
Fighting       | 3 4 5 6 |  6.0
Throwing       | 1 2 3 4 5 |  5.0
Dodging        | 3 |  3.8
Shields        | 2 4 5 |  5.3
Stealth        | |  1.0

Action                   |  1- 3 |  4- 6 |  7- 9 | 10-12 || total
-------------------------+-------+-------+-------+-------++-------
Melee: Unarmed           |    61 |    89 |   313 |    62 ||   525
       Punch             |       |     3 |       |       ||     3
Throw: Stone             |       |       |    16 |     2 ||    18
Evoke: Wand              |       |       |     1 |       ||     1
  Use: Scroll            |       |       |    19 |     1 ||    20
       Potion            |       |       |     1 |     2 ||     3
 Stab: Sleeping          |     2 |     4 |     2 |       ||     8
       Confused          |       |       |       |     1 ||     1
  Eat: Chunk             |    12 |    17 |    41 |       ||    70
Armor: Robe              |    30 |    21 |    64 |    24 ||   139
Dodge: Dodged            |    24 |    30 |    59 |    19 ||   132
Block: Large shield      |       |       |   110 |    52 ||   162

Table legend:
 A = Non-vault XP
 B = Vault XP
 C = Vault XP percentage of total XP
 D = Non-vault monster count
 E = Vault monster count
 F = Vault count percentage of total count
                 A         B        C        D         E       F
            +---------+---------+-------+---------+---------+-------
      Total |    4788 |    1609 |  25.2 |     124 |      17 |  12.1
            +---------+---------+-------+---------+---------+-------
        D:1 |      36 |       0 |   0.0 |      23 |       0 |   0.0
        D:2 |      73 |      42 |  36.5 |      14 |       1 |   6.7
        D:3 |     128 |       0 |   0.0 |       9 |       0 |   0.0
        D:4 |     500 |     187 |  27.2 |      17 |       9 |  34.6
        D:5 |     583 |      17 |   2.8 |       8 |       2 |  20.0
        D:6 |     734 |       0 |   0.0 |      16 |       0 |   0.0
        D:7 |    1795 |       0 |   0.0 |      20 |       0 |   0.0
        D:8 |     939 |    1363 |  59.2 |      17 |       5 |  22.7
            +---------+---------+-------+---------+---------+-------
